 Dungeon Crawl Stone Soup version 0.23.0-3-gf3c87f2 (webtiles) character file.

Game seed: 16358076331694616196

223 Borgoz the Cutter (level 6, -5/51 HPs)
             Began as a Ghoul Gladiator on Feb 23, 2019.
             Killed by divine providence
             ... invoked by an orc priest
              (12 damage)
             ... on level 3 of the Dungeon.
             The game lasted 00:03:56 (2091 turns).

Borgoz the Cutter (Ghoul Gladiator)                 Turns: 2091, Time: 00:03:57

Health: -5/51      AC:  8    Str: 18    XL:     6   Next: 0%
Magic:  5/5        EV: 11    Int:  2    God:
Gold:   107        SH:  0    Dex: 11    Spells: 5/5 levels left

rFire    . . .     SeeInvis .   a - +0 rapier
rCold    + . .     Gourm    .   (no shield)
rNeg     + + +     Faith    .   e - +0 scale mail (curse)
rPois    ∞         Spirit   .   c - +0 helmet
rElec    .         Reflect  .   (no cloak)
rCorr    .         Harm     .   (no gloves)
MR       .....                  p - +0 pair of boots
Stlth    +.........             (no amulet)
HPRegen  0.00/turn              g - -2 ring of intelligence (curse)
MPRegen  0.09/turn              m - ring of stealth

@: rotting, hasted, very quick
A: rotting body, claws 1, carnivore, cold resistance 1, negative energy
resistance 3, inhibited regeneration, torment resistance, unbreathing
a: no special abilities


You were on level 3 of the Dungeon.
You were not hungry.

You visited 1 branch of the dungeon, and saw 3 of its levels.

You collected 107 gold pieces.

Inventory:

Hand Weapons
 a - a +0 rapier (weapon)
Missiles
 d - 3 throwing nets (quivered)
Armour
 b - a +0 leather armour
 c - a +0 helmet (worn)
 e - a cursed +0 scale mail (worn)
 p - a +0 pair of boots (worn)
Jewellery
 g - a cursed -2 ring of intelligence (left claw)
 m - a ring of stealth (right claw)
Wands
 q - a wand of acid (11)
Scrolls
 i - 3 scrolls of amnesia
 j - 2 scrolls of teleportation
 r - a scroll of fear
Potions
 k - a potion of flight
Comestibles
 f - 2 rations


   Skills:
 + Level 3.0 Fighting
 * Level 3.8 Short Blades
 + Level 2.4 Throwing
 + Level 1.3 Armour
 * Level 3.7 Dodging
 + Level 2.0 Stealth


You had 5 spell levels left.
You didn't know any spells.
Your spell library was empty.

Dungeon Overview and Level Annotations

Branches:
Dungeon (3/15)

Altars:


Innate Abilities, Weirdness & Mutations

Your body is rotting away.
You thrive on raw meat.
You are immune to poison.
You have sharp fingernails.
You are carnivorous and can eat meat at any time.
Your flesh is cold resistant. (rC+)
You are immune to negative energy. (rN+++)
You do not regenerate when monsters are visible.
You are immune to unholy pain and torment.
You can survive without breathing.


Message History

The orc hits you but does no damage. The goblin hits you but does no damage.
The orc priest mumbles some strange prayers to Beogh against you.
Beogh smites you!
* * * LOW HITPOINT WARNING * * *
You closely miss the orc priest.
The orc priest is heavily wounded.
The dart slug closely misses you. The rat barely misses you.
The orc hits you but does no damage. The goblin hits you but does no damage.
You barely miss the orc priest.
The orc priest is heavily wounded.
The orc priest hits you but does no damage.
The rat misses you.
You hit the orc priest.
The orc priest is severely wounded.
The orc hits you but does no damage. The dart slug bites you.
* * * LOW HITPOINT WARNING * * *
The goblin hits you but does no damage.
The orc priest calls down the wrath of Beogh upon you.
Beogh smites you!
You die...

...... #...... . #......
... #..... .... #...
.....####.#+###
......r@w.....#
......oog.....#
..............#
.........)....##########
.......)..#.............
.....####.###########...
##### #.# #... #.# #...
#.# #...


You could see an orc priest, a dart slug, an orc, a goblin and a rat.

Vanquished Creatures
  2 orc priests
  An orc wizard (D:2)
  Natasha (thrice) (D:2)
  3 adders (D:2)
  A dart slug (D:1)
  6 orcs
  5 hobgoblins
  4 bats
  4 goblins
  A kobold (D:1)
  4 rats
34 creatures vanquished.

Notes
Turn   | Place    | Note
-------+----------+-------------------------------------------
     0 | D:1      | Borgoz the Ghoul Gladiator began the quest for the Orb.
     0 | D:1      | Reached XP level 1. HP: 17/17 MP: 0/0
   335 | D:1      | Reached XP level 2. HP: 7/24 MP: 1/1
  1150 | D:2      | Reached XP level 3. HP: 30/30 MP: 2/2
  1178 | D:2      | Reached skill level 1 in Stealth
  1180 | D:2      | Noticed Natasha
  1189 | D:2      | Killed Natasha
  1189 | D:2      | Reached XP level 4. HP: 12/37 MP: 3/3
  1261 | D:2      | Noticed Natasha
  1269 | D:2      | Killed Natasha
  1451 | D:2      | Reached skill level 1 in Armour
  1451 | D:2      | Reached XP level 5. HP: 13/42 MP: 4/4
  1499 | D:2      | Noticed Natasha
  1505 | D:2      | Killed Natasha
  2084 | D:3      | Reached XP level 6. HP: 34/51 MP: 5/5
  2091 | D:3      | Killed from afar by an orc priest

Skill      XL: |  1  2  3  4  5 |
---------------+----------------+-----
Throwing       | 2 |  2.4
Dodging        | 3 |  3.7
Short Blades   | 3 |  3.8
Stealth        | 1 2 |  2.0
Armour         | 1 |  1.3
Fighting       | 3 |  3.0

Action                   |  1- 3 |  4- 6 || total
-------------------------+-------+-------++-------
Melee: Rapier            |    39 |    93 ||   132
  Use: Scroll            |       |     7 ||     7
       Potion            |       |     5 ||     5
 Stab: Sleeping          |       |     1 ||     1
  Eat: Chunk             |     3 |    10 ||    13
Armor: Leather armour    |     4 |    15 ||    19
       Scale mail        |       |    36 ||    36
Dodge: Dodged            |    28 |   105 ||   133
